Thrashers vs Wild

Created - November 17 2007 at 11:31

Goals
1 2 3 T
Thrashers 2 2 1 5
Wild 3 0 0 3
Shots
1 2 3 T
Thrashers 8 12 8 28
Wild 10 10 4 24

Period #1

1. Thrashers , Dany Heatley 15 (Dan Boyle, Patrick Marleau) at 7:26
2. Wild , Sean Hill 3 (Joe Sakic, Brian Rolston) at 8:55
3. Wild , Michal Rozsival 6 (Marian Gaborik, Chris Higgins) at 9:39
4. Thrashers , Mike Van Ryn 1 (Chris Kunitz, Andy Mcdonald) at 14:43
5. Wild , Chris Higgins 3 (Sean Hill, Rod Brind'Amour) at 17:52 (SH)

Penalties :
Martin Straka (MIN) for Tripping (Minor) at 2:54, Mathieu Schneider (MIN) for Roughing (Minor) at 17:10

Period #2

6. Thrashers , David Backes 3 (Radek Martinek) at 10:57
7. Thrashers , Maxime Talbot 2 (Radek Martinek, Kyle Calder) at 18:38 (PP)

Penalties :
Martin Straka (MIN) for Interference (Minor) at 4:51, Chris Kunitz (ATL) for Roughing (Minor) at 4:51, Mathieu Schneider (MIN) for Charging (Minor) at 7:24, Duncan Keith (MIN) for Hooking (Minor) at 8:13, Michal Rozsival (MIN) for Tripping (Minor) at 17:37, Mathieu Schneider (MIN) for Hooking (Minor) at 19:03

Period #3

8. Thrashers , Jay Mcclement 5 (Radek Martinek, David Backes) at 19:56 (Empty Net)

Penalties :
Dany Heatley (ATL) for Hooking (Minor) at 2:17, Chris Kunitz (ATL) for Holding (Minor) at 5:34, Chris Kunitz (ATL) for Hooking (Minor) at 9:42, Maxime Talbot (ATL) for Roughing (Minor) at 10:15

Goalie Stats

Henrik Lundqvist (ATL), 21 saves from 24 shots - (0.875), W, 16-6-3, 60:00 minutes
Manny Legace (MIN), 12 saves from 15 shots - (0.800), 30:57 minutes
Manny Fernandez (MIN), 11 saves from 12 shots - (0.917), L, 1-2-0, 28:12 minutes

Players Stats

Thrashers
Player Name              G  A  P  +/- PIM S  H  SB FO MP 
-----------------------------------------------------------
Andy Mcdonald            0  1  1   0  0   4  0  0  14 17 
Andy Sutton              0  0  0  -1  0   0  0  0  0  6  
Brendan Shanahan         0  0  0  -1  0   0  1  0  2  21 
Brett Clark              0  0  0  -1  0   0  0  1  0  22 
Chris Kunitz             0  1  1  -1  6   3  0  0  1  20 
Dan Boyle                0  1  1   1  0   3  0  0  0  21 
Dany Heatley             1  0  1   0  2   4  3  0  2  22 
David Backes             1  1  2   2  0   3  2  0  0  15 
Greg De Vries            0  0  0   2  0   0  3  0  0  18 
Jay Mcclement            1  0  1   2  0   2  1  0  19 18 
Justin Williams          0  0  0   0  0   2  0  0  4  21 
Kyle Calder              0  1  1   0  0   1  0  0  0  1  
Maxime Talbot            1  0  1  -1  2   1  0  0  16 8  
Mike Komisarek           0  0  0   0  0   2  2  4  0  22 
Mike Van Ryn             1  0  1  -1  0   1  0  5  0  20 
Patrick Marleau          0  1  1   1  0   2  0  0  20 21 
Radek Martinek           0  3  3   2  0   0  0  0  0  18 
Ryan Malone              0  0  0   1  0   0  0  1  4  19 
Wild
Player Name              G  A  P  +/- PIM S  H  SB FO MP 
-----------------------------------------------------------
Brian Rolston            0  1  1   1  0   1  0  2  1  22 
Chris Higgins            1  1  2   1  0   2  0  0  0  17 
Duncan Keith             0  0  0   0  2   0  0  3  0  18 
Filip Kuba               0  0  0   0  0   0  0  2  0  9  
Joe Sakic                0  1  1   2  0   0  0  0  26 19 
Keith Carney             0  0  0   0  0   0  0  0  0  2  
Kim Johnsson             0  0  0  -3  0   0  0  3  0  18 
Marian Gaborik           0  1  1   0  0   3  0  0  2  19 
Martin Straka            0  0  0   1  4   2  0  0  1  20 
Mathieu Schneider        0  0  0   1  6   1  1  0  0  18 
Michal Rozsival          1  0  1   0  2   2  2  3  0  21 
Mikael Samuelsson        0  0  0  -3  0   1  0  0  2  18 
Mike Grier               0  0  0  -3  0   1  0  0  0  18 
Niclas Havelid           0  0  0  -3  0   0  1  1  0  18 
Olli Jokinen             0  0  0   0  0   3  1  0  25 22 
Rod Brind'Amour          0  1  1  -2  0   6  1  1  25 23 
Sean Hill                1  1  2   2  0   2  1  3  0  23 
Wes Walz                 0  0  0   0  0   0  0  0  0  0  

3 Stars

1 - Sean Hill (MIN)
2 - David Backes (ATL)
3 - Radek Martinek (ATL)

Power Play

Thrashers - 1 on 6 Attempt(s) - 16.67%
Wild - 0 on 4 Attempt(s) - 0.00%

Penalty Kill

Thrashers - 4 on 4 Attempt(s) - 100.00% - Score 0 goal in Penalty Kill
Wild - 5 on 6 Attempt(s) - 83.33% - Score 1 goal in Penalty Kill

Game Notes

Manny Fernandez enters game at 10:57 of 2nd period
Jay Mcclement has scored in a empty net!

Finance

Level 1 -- Attendance: 4323 (72.04%) -- Ticket Income $432,300.00
Level 2 -- Attendance: 3323 (66.47%) -- Ticket Income $199,380.00
Level 3 -- Attendance: 1481 (71.73%) -- Ticket Income $51,835.00
Level 4 -- Attendance: 3830 (95.76%) -- Ticket Income $76,600.00
Luxury Box -- Attendance: 918 (91.80%) -- Ticket Income $183,600.00
Game was played at the Xcel Energy Center
Total Attendance: 13875 (76.81%)
Total Ticket Income: $981,337.30
Other Income: $175,694.10
Total Income: $1,157,031.00


Play by Play

Period #1

0:01 of 1st period - Joe Sakic wins face-off versus Patrick Marleau in neutral zone.
0:20 of 1st period - Shot by Patrick Marleau.
0:20 of 1st period - Shot Blocked by Brian Rolston.
0:27 of 1st period - Joe Sakic is hit by Dany Heatley and loses puck.
1:19 of 1st period - Icing by Michal Rozsival.
1:20 of 1st period - Jay Mcclement wins face-off versus Olli Jokinen in Wild zone.
1:39 of 1st period - Shot by Olli Jokinen.
1:39 of 1st period - Stopped by Henrik Lundqvist with a rebound.
1:44 of 1st period - Off-side.
1:45 of 1st period - Rod Brind'Amour wins face-off versus Maxime Talbot in neutral zone.
1:50 of 1st period - Shot by Rod Brind'Amour.
1:50 of 1st period - Stopped by Henrik Lundqvist without a rebound.
1:51 of 1st period - Rod Brind'Amour wins face-off versus Andy Mcdonald in Thrashers zone.
1:56 of 1st period - Shot by Rod Brind'Amour.
1:56 of 1st period - Shot Misses the Net.
2:01 of 1st period - Shot by Kim Johnsson.
2:01 of 1st period - Shot Blocked by Mike Van Ryn.
2:54 of 1st period - Minor Penalty to Martin Straka for Tripping.
2:55 of 1st period - Olli Jokinen wins face-off versus Andy Mcdonald in Thrashers zone.
3:24 of 1st period - Shot by Justin Williams.
3:24 of 1st period - Shot Blocked by Michal Rozsival.
4:01 of 1st period - Shot by Patrick Marleau.
4:01 of 1st period - Shot Blocked by Michal Rozsival.
5:23 of 1st period - Shot by David Backes.
5:23 of 1st period - Shot Misses the Net.
5:41 of 1st period - Shot by Martin Straka.
5:41 of 1st period - Shot Misses the Net.
5:43 of 1st period - Shot by Olli Jokinen.
5:43 of 1st period - Stopped by Henrik Lundqvist without a rebound.
5:44 of 1st period - Olli Jokinen wins face-off versus Andy Mcdonald in Thrashers zone.
6:11 of 1st period - Icing by Brett Clark.
6:12 of 1st period - Martin Straka wins face-off versus Brendan Shanahan in Thrashers zone.
6:36 of 1st period - Shot by Brian Rolston.
6:36 of 1st period - Shot Misses the Net.
6:38 of 1st period - Shot by Mathieu Schneider.
6:38 of 1st period - Shot Blocked by Mike Van Ryn.
6:40 of 1st period - Shot by Mathieu Schneider.
6:40 of 1st period - Stopped by Henrik Lundqvist without a rebound.
6:41 of 1st period - Dany Heatley wins face-off versus Rod Brind'Amour in Thrashers zone.
6:49 of 1st period - Off-side.
6:50 of 1st period - Rod Brind'Amour wins face-off versus Maxime Talbot in neutral zone.
6:59 of 1st period - Shot by Rod Brind'Amour.
6:59 of 1st period - Stopped by Henrik Lundqvist without a rebound.
7:00 of 1st period - Patrick Marleau wins face-off versus Olli Jokinen in Thrashers zone.
7:26 of 1st period - Shot by Dany Heatley.
7:26 of 1st period - Goal by Dany Heatley - Thrashers : 1 - Wild : 0.
7:27 of 1st period - Rod Brind'Amour wins face-off versus Jay Mcclement in neutral zone.
7:46 of 1st period - Rod Brind'Amour is hit by Jay Mcclement and loses puck.
8:24 of 1st period - Icing by Sean Hill.
8:25 of 1st period - Joe Sakic wins face-off versus Justin Williams in Wild zone.
8:39 of 1st period - Icing by Joe Sakic.
8:40 of 1st period - Joe Sakic wins face-off versus Maxime Talbot in Wild zone.
8:46 of 1st period - Joe Sakic is hit by Dany Heatley and loses puck.
8:53 of 1st period - Shot by Joe Sakic.
8:53 of 1st period - Shot Misses the Net.
8:55 of 1st period - Shot by Sean Hill.
8:55 of 1st period - Goal by Sean Hill - Thrashers : 1 - Wild : 1.
8:56 of 1st period - Olli Jokinen wins face-off versus Andy Mcdonald in neutral zone.
9:35 of 1st period - Shot by Chris Higgins.
9:35 of 1st period - Shot Misses the Net.
9:37 of 1st period - Shot by Marian Gaborik.
9:37 of 1st period - Shot Misses the Net.
9:39 of 1st period - Shot by Michal Rozsival.
9:39 of 1st period - Goal by Michal Rozsival - Thrashers : 1 - Wild : 2.
9:40 of 1st period - Joe Sakic wins face-off versus Jay Mcclement in neutral zone.
9:46 of 1st period - Joe Sakic is hit by David Backes and loses puck.
9:53 of 1st period - Shot by David Backes.
9:53 of 1st period - Stopped by Manny Legace without a rebound.
9:54 of 1st period - Rod Brind'Amour wins face-off versus Dany Heatley in Wild zone.
11:04 of 1st period - Dany Heatley is hit by Mathieu Schneider and loses puck.
11:42 of 1st period - Radek Martinek is hit by Michal Rozsival and loses puck.
12:21 of 1st period - Shot by Olli Jokinen.
12:21 of 1st period - Shot Misses the Net.
12:48 of 1st period - Shot by Chris Kunitz.
12:48 of 1st period - Stopped by Manny Legace without a rebound.
12:49 of 1st period - Maxime Talbot wins face-off versus Joe Sakic in Wild zone.
13:43 of 1st period - Icing by Greg De Vries.
13:44 of 1st period - Jay Mcclement wins face-off versus Marian Gaborik in Thrashers zone.
13:51 of 1st period - Shot by Chris Higgins.
13:51 of 1st period - Shot Misses the Net.
13:55 of 1st period - Shot by Marian Gaborik.
13:55 of 1st period - Stopped by Henrik Lundqvist without a rebound.
13:56 of 1st period - Olli Jokinen wins face-off versus Andy Mcdonald in Thrashers zone.
13:57 of 1st period - Shot by Marian Gaborik.
13:57 of 1st period - Shot Blocked by Mike Van Ryn.
13:59 of 1st period - Shot by Duncan Keith.
13:59 of 1st period - Shot Misses the Net.
14:03 of 1st period - Shot by Chris Higgins.
14:03 of 1st period - Stopped by Henrik Lundqvist without a rebound.
14:04 of 1st period - Rod Brind'Amour wins face-off versus Andy Mcdonald in Thrashers zone.
14:05 of 1st period - Shot by Mike Grier.
14:05 of 1st period - Shot Misses the Net.
14:25 of 1st period - Shot by Andy Mcdonald.
14:25 of 1st period - Stopped by Manny Legace with a rebound.
14:43 of 1st period - Shot by Mike Van Ryn.
14:43 of 1st period - Goal by Mike Van Ryn - Thrashers : 2 - Wild : 2.
14:44 of 1st period - Brian Rolston wins face-off versus Jay Mcclement in neutral zone.
14:52 of 1st period - Icing by Radek Martinek.
14:53 of 1st period - Olli Jokinen wins face-off versus Jay Mcclement in Thrashers zone.
16:45 of 1st period - Shot by Joe Sakic.
16:45 of 1st period - Shot Misses the Net.
17:03 of 1st period - Icing by Sean Hill.
17:04 of 1st period - Joe Sakic wins face-off versus Chris Kunitz in Wild zone.
17:10 of 1st period - Minor Penalty to Mathieu Schneider for Roughing.
17:11 of 1st period - Ryan Malone wins face-off versus Rod Brind'Amour in neutral zone.
17:18 of 1st period - Shot by Chris Kunitz.
17:18 of 1st period - Stopped by Manny Legace with a rebound.
17:22 of 1st period - Shot by Brendan Shanahan.
17:22 of 1st period - Deflect By Chris Kunitz.
17:22 of 1st period - Shot Blocked by Filip Kuba.
17:26 of 1st period - Shot by Brendan Shanahan.
17:26 of 1st period - Shot Misses the Net.
17:28 of 1st period - Shot by Mike Van Ryn.
17:28 of 1st period - Shot Blocked by Brian Rolston.
17:30 of 1st period - Shot by Brett Clark.
17:30 of 1st period - Shot Misses the Net.
17:34 of 1st period - Shot by Chris Kunitz.
17:34 of 1st period - Stopped by Manny Legace without a rebound.
17:35 of 1st period - Ryan Malone wins face-off versus Rod Brind'Amour in Wild zone.
17:48 of 1st period - Shot by Joe Sakic.
17:48 of 1st period - Deflect By Rod Brind'Amour.
17:48 of 1st period - Shot Misses the Net.
17:52 of 1st period - Shot by Chris Higgins.
17:52 of 1st period - Goal by Chris Higgins - Thrashers : 2 - Wild : 3.
17:53 of 1st period - Rod Brind'Amour wins face-off versus Andy Mcdonald in neutral zone.
18:10 of 1st period - Shot by Chris Kunitz.
18:10 of 1st period - Shot Blocked by Sean Hill.
18:12 of 1st period - Shot by Radek Martinek.
18:12 of 1st period - Deflect By Andy Mcdonald.
18:12 of 1st period - Stopped by Manny Legace without a rebound.
18:13 of 1st period - Rod Brind'Amour wins face-off versus Patrick Marleau in Wild zone.

Period #2

0:01 of 2nd period - Joe Sakic wins face-off versus Patrick Marleau in neutral zone.
0:01 of 2nd period - Brian Rolston is hit by Mike Komisarek and loses puck.
0:31 of 2nd period - Shot by Dany Heatley.
0:31 of 2nd period - Shot Blocked by Sean Hill.
0:33 of 2nd period - Shot by Mike Komisarek.
0:33 of 2nd period - Shot Misses the Net.
0:37 of 2nd period - Shot by Justin Williams.
0:37 of 2nd period - Shot Misses the Net.
0:41 of 2nd period - Shot by Dan Boyle.
0:41 of 2nd period - Stopped by Manny Legace without a rebound.
0:42 of 2nd period - Andy Mcdonald wins face-off versus Olli Jokinen in Wild zone.
0:43 of 2nd period - Shot by Chris Kunitz.
0:43 of 2nd period - Shot Misses the Net.
0:45 of 2nd period - Shot by Brett Clark.
0:45 of 2nd period - Shot Blocked by Duncan Keith.
0:49 of 2nd period - Shot by Andy Mcdonald.
0:49 of 2nd period - Shot Misses the Net.
1:05 of 2nd period - Shot by Olli Jokinen.
1:05 of 2nd period - Shot Blocked by Brett Clark.
1:23 of 2nd period - Shot by Marian Gaborik.
1:23 of 2nd period - Shot Misses the Net.
2:03 of 2nd period - Shot by Rod Brind'Amour.
2:03 of 2nd period - Stopped by Henrik Lundqvist with a rebound.
2:05 of 2nd period - Shot by Rod Brind'Amour.
2:05 of 2nd period - Stopped by Henrik Lundqvist without a rebound.
2:06 of 2nd period - Patrick Marleau wins face-off versus Joe Sakic in Thrashers zone.
2:15 of 2nd period - Shot by Dany Heatley.
2:15 of 2nd period - Shot Misses the Net.
2:37 of 2nd period - Shot by Brian Rolston.
2:37 of 2nd period - Shot Blocked by Mike Komisarek.
2:41 of 2nd period - Shot by Martin Straka.
2:41 of 2nd period - Shot Blocked by Mike Komisarek.
2:49 of 2nd period - Shot by Brian Rolston.
2:49 of 2nd period - Shot Misses the Net.
2:51 of 2nd period - Shot by Sean Hill.
2:51 of 2nd period - Stopped by Henrik Lundqvist without a rebound.
2:52 of 2nd period - Mikael Samuelsson wins face-off versus Jay Mcclement in Thrashers zone.
3:01 of 2nd period - Shot by Rod Brind'Amour.
3:01 of 2nd period - Stopped by Henrik Lundqvist without a rebound.
3:02 of 2nd period - Olli Jokinen wins face-off versus Jay Mcclement in Thrashers zone.
3:08 of 2nd period - Marian Gaborik is hit by Greg De Vries and loses puck.
3:12 of 2nd period - Icing by Radek Martinek.
3:13 of 2nd period - Jay Mcclement wins face-off versus Rod Brind'Amour in Thrashers zone.
3:21 of 2nd period - David Backes is hit by Niclas Havelid and loses puck.
3:38 of 2nd period - Shot by Mikael Samuelsson.
3:38 of 2nd period - Shot Misses the Net.
3:40 of 2nd period - Shot by Kim Johnsson.
3:40 of 2nd period - Shot Blocked by Ryan Malone.
4:14 of 2nd period - Icing by Duncan Keith.
4:15 of 2nd period - Patrick Marleau wins face-off versus Olli Jokinen in Wild zone.
4:22 of 2nd period - Shot by Justin Williams.
4:22 of 2nd period - Shot Blocked by Michal Rozsival.
4:36 of 2nd period - Shot by Patrick Marleau.
4:36 of 2nd period - Shot Misses the Net.
4:40 of 2nd period - Shot by Justin Williams.
4:40 of 2nd period - Stopped by Manny Legace without a rebound.
4:41 of 2nd period - Andy Mcdonald wins face-off versus Joe Sakic in Wild zone.
4:42 of 2nd period - Shot by Chris Kunitz.
4:42 of 2nd period - Shot Misses the Net.
4:46 of 2nd period - Shot by Andy Mcdonald.
4:46 of 2nd period - Stopped by Manny Legace with a rebound.
4:51 of 2nd period - Minor Penalty to Martin Straka for Interference.
4:51 of 2nd period - Minor Penalty to Chris Kunitz for Roughing.
4:52 of 2nd period - Joe Sakic wins face-off versus Patrick Marleau in Wild zone.
5:19 of 2nd period - Shot by Brian Rolston.
5:19 of 2nd period - Shot Blocked by Mike Van Ryn.
5:52 of 2nd period - Icing by Jay Mcclement.
5:53 of 2nd period - Jay Mcclement wins face-off versus Olli Jokinen in Thrashers zone.
6:38 of 2nd period - Shot by Dany Heatley.
6:38 of 2nd period - Stopped by Manny Legace without a rebound.
6:39 of 2nd period - Joe Sakic wins face-off versus Jay Mcclement in Wild zone.
6:50 of 2nd period - Shot by Joe Sakic.
6:50 of 2nd period - Shot Misses the Net.
6:56 of 2nd period - Shot by Mikael Samuelsson.
6:56 of 2nd period - Shot Misses the Net.
7:00 of 2nd period - Shot by Mikael Samuelsson.
7:00 of 2nd period - Stopped by Henrik Lundqvist without a rebound.
7:01 of 2nd period - Maxime Talbot wins face-off versus Mikael Samuelsson in Thrashers zone.
7:07 of 2nd period - Icing by Andy Sutton.
7:08 of 2nd period - Rod Brind'Amour wins face-off versus Maxime Talbot in Thrashers zone.
7:09 of 2nd period - Shot by Mikael Samuelsson.
7:09 of 2nd period - Shot Blocked by Mike Komisarek.
7:19 of 2nd period - Shot by Dany Heatley.
7:19 of 2nd period - Shot Blocked by Kim Johnsson.
7:23 of 2nd period - Shot by Dany Heatley.
7:23 of 2nd period - Deflect By Justin Williams.
7:23 of 2nd period - Stopped by Manny Legace without a rebound.
7:24 of 2nd period - Andy Mcdonald wins face-off versus Joe Sakic in Wild zone.
7:24 of 2nd period - Minor Penalty to Mathieu Schneider for Charging.
7:25 of 2nd period - Olli Jokinen wins face-off versus Patrick Marleau in Wild zone.
7:38 of 2nd period - Shot by Patrick Marleau.
7:38 of 2nd period - Shot Misses the Net.
8:02 of 2nd period - Shot by Patrick Marleau.
8:02 of 2nd period - Stopped by Manny Legace without a rebound.
8:03 of 2nd period - Olli Jokinen wins face-off versus Andy Mcdonald in Wild zone.
8:13 of 2nd period - Minor Penalty to Duncan Keith for Hooking.
8:14 of 2nd period - Rod Brind'Amour wins face-off versus Andy Mcdonald in Thrashers zone.
8:39 of 2nd period - Shot by Justin Williams.
8:39 of 2nd period - Shot Misses the Net.
9:16 of 2nd period - Icing by Brett Clark.
9:17 of 2nd period - Olli Jokinen wins face-off versus Patrick Marleau in Thrashers zone.
10:17 of 2nd period - Off-side.
10:18 of 2nd period - Rod Brind'Amour wins face-off versus Jay Mcclement in neutral zone.
10:55 of 2nd period - Shot by David Backes.
10:55 of 2nd period - Shot Blocked by Kim Johnsson.
10:57 of 2nd period - Shot by David Backes.
10:57 of 2nd period - Goal by David Backes - Thrashers : 3 - Wild : 3.
10:57 of 2nd period - Manny Fernandez enters game.
10:58 of 2nd period - Maxime Talbot wins face-off versus Olli Jokinen in neutral zone.
10:58 of 2nd period - Dany Heatley is hit by Michal Rozsival and loses puck.
11:20 of 2nd period - Icing by Dany Heatley.
11:21 of 2nd period - Maxime Talbot wins face-off versus Joe Sakic in Thrashers zone.
11:42 of 2nd period - Shot by Martin Straka.
11:42 of 2nd period - Stopped by Henrik Lundqvist without a rebound.
11:43 of 2nd period - Olli Jokinen wins face-off versus Andy Mcdonald in Thrashers zone.
12:14 of 2nd period - Shot by Andy Mcdonald.
12:14 of 2nd period - Stopped by Manny Fernandez without a rebound.
12:15 of 2nd period - Jay Mcclement wins face-off versus Joe Sakic in Wild zone.
12:38 of 2nd period - Shot by David Backes.
12:38 of 2nd period - Stopped by Manny Fernandez without a rebound.
12:39 of 2nd period - Rod Brind'Amour wins face-off versus Patrick Marleau in Wild zone.
13:04 of 2nd period - Shot by Rod Brind'Amour.
13:04 of 2nd period - Shot Misses the Net.
13:08 of 2nd period - Shot by Mike Grier.
13:08 of 2nd period - Shot Misses the Net.
13:34 of 2nd period - Shot by Joe Sakic.
13:34 of 2nd period - Shot Misses the Net.
13:38 of 2nd period - Shot by Brian Rolston.
13:38 of 2nd period - Stopped by Henrik Lundqvist with a rebound.
13:43 of 2nd period - Icing by Justin Williams.
13:44 of 2nd period - Justin Williams wins face-off versus Olli Jokinen in Thrashers zone.
14:01 of 2nd period - Shot by Olli Jokinen.
14:01 of 2nd period - Shot Blocked by Mike Van Ryn.
14:03 of 2nd period - Shot by Michal Rozsival.
14:03 of 2nd period - Stopped by Henrik Lundqvist without a rebound.
14:04 of 2nd period - Jay Mcclement wins face-off versus Joe Sakic in Thrashers zone.
14:52 of 2nd period - Brian Rolston is hit by Greg De Vries and loses puck.
15:10 of 2nd period - Joe Sakic is hit by Greg De Vries and loses puck.
16:20 of 2nd period - Shot by Andy Mcdonald.
16:20 of 2nd period - Shot Blocked by Rod Brind'Amour.
17:18 of 2nd period - Shot by Martin Straka.
17:18 of 2nd period - Stopped by Henrik Lundqvist without a rebound.
17:19 of 2nd period - Olli Jokinen wins face-off versus Justin Williams in Thrashers zone.
17:37 of 2nd period - Minor Penalty to Michal Rozsival for Tripping.
17:38 of 2nd period - Patrick Marleau wins face-off versus Rod Brind'Amour in Wild zone.
17:45 of 2nd period - Shot by Dany Heatley.
17:45 of 2nd period - Stopped by Manny Fernandez without a rebound.
17:46 of 2nd period - Olli Jokinen wins face-off versus Patrick Marleau in Wild zone.
18:05 of 2nd period - Shot by Dany Heatley.
18:05 of 2nd period - Shot Blocked by Filip Kuba.
18:22 of 2nd period - Off-side.
18:23 of 2nd period - Ryan Malone wins face-off versus Olli Jokinen in neutral zone.
18:28 of 2nd period - Shot by David Backes.
18:28 of 2nd period - Shot Misses the Net.
18:32 of 2nd period - Shot by Maxime Talbot.
18:32 of 2nd period - Shot Misses the Net.
18:34 of 2nd period - Shot by Kyle Calder.
18:34 of 2nd period - Stopped by Manny Fernandez with a rebound.
18:38 of 2nd period - Shot by Maxime Talbot.
18:38 of 2nd period - Goal by Maxime Talbot - Thrashers : 4 - Wild : 3.
18:39 of 2nd period - Jay Mcclement wins face-off versus Rod Brind'Amour in neutral zone.
18:43 of 2nd period - Radek Martinek is hit by Rod Brind'Amour and loses puck.
18:58 of 2nd period - Shot by Mike Grier.
18:58 of 2nd period - Stopped by Henrik Lundqvist without a rebound.
18:59 of 2nd period - Joe Sakic wins face-off versus Maxime Talbot in Thrashers zone.
19:03 of 2nd period - Minor Penalty to Mathieu Schneider for Hooking.
19:04 of 2nd period - Rod Brind'Amour wins face-off versus Patrick Marleau in neutral zone.
19:12 of 2nd period - Dan Boyle is hit by Sean Hill and loses puck.

Period #3

0:01 of 3rd period - Patrick Marleau wins face-off versus Rod Brind'Amour in neutral zone.
0:06 of 3rd period - Shot by Brendan Shanahan.
0:06 of 3rd period - Shot Blocked by Sean Hill.
0:08 of 3rd period - Shot by Chris Kunitz.
0:08 of 3rd period - Shot Misses the Net.
0:12 of 3rd period - Shot by Patrick Marleau.
0:12 of 3rd period - Stopped by Manny Fernandez with a rebound.
0:20 of 3rd period - Shot by Patrick Marleau.
0:20 of 3rd period - Shot Misses the Net.
0:22 of 3rd period - Shot by Dan Boyle.
0:22 of 3rd period - Stopped by Manny Fernandez without a rebound.
0:23 of 3rd period - Justin Williams wins face-off versus Olli Jokinen in Wild zone.
0:40 of 3rd period - Shot by Justin Williams.
0:40 of 3rd period - Shot Blocked by Duncan Keith.
0:42 of 3rd period - Shot by Mike Komisarek.
0:42 of 3rd period - Stopped by Manny Fernandez without a rebound.
0:43 of 3rd period - Patrick Marleau wins face-off versus Rod Brind'Amour in Wild zone.
1:34 of 3rd period - Shot by Rod Brind'Amour.
1:34 of 3rd period - Shot Misses the Net.
1:36 of 3rd period - Shot by Kim Johnsson.
1:36 of 3rd period - Deflect By Rod Brind'Amour.
1:36 of 3rd period - Stopped by Henrik Lundqvist without a rebound.
1:37 of 3rd period - Olli Jokinen wins face-off versus Maxime Talbot in Thrashers zone.
1:38 of 3rd period - Shot by Marian Gaborik.
1:38 of 3rd period - Shot Misses the Net.
1:49 of 3rd period - Chris Higgins is hit by Dany Heatley and loses puck.
2:09 of 3rd period - Justin Williams is hit by Olli Jokinen and loses puck.
2:17 of 3rd period - Minor Penalty to Dany Heatley for Hooking.
2:18 of 3rd period - Joe Sakic wins face-off versus Jay Mcclement in Thrashers zone.
2:35 of 3rd period - Shot by Chris Higgins.
2:35 of 3rd period - Shot Hit the Post.
2:57 of 3rd period - Shot by Maxime Talbot.
2:57 of 3rd period - Shot Misses the Net.
4:19 of 3rd period - Icing by Martin Straka.
4:20 of 3rd period - Rod Brind'Amour wins face-off versus Patrick Marleau in Wild zone.
5:34 of 3rd period - Minor Penalty to Chris Kunitz for Holding.
5:35 of 3rd period - Marian Gaborik wins face-off versus Ryan Malone in neutral zone.
5:40 of 3rd period - Shot by Marian Gaborik.
5:40 of 3rd period - Stopped by Henrik Lundqvist without a rebound.
5:41 of 3rd period - Joe Sakic wins face-off versus Maxime Talbot in Thrashers zone.
7:02 of 3rd period - Shot by Olli Jokinen.
7:02 of 3rd period - Stopped by Henrik Lundqvist without a rebound.
7:03 of 3rd period - Maxime Talbot wins face-off versus Joe Sakic in Thrashers zone.
7:17 of 3rd period - Icing by Brian Rolston.
7:18 of 3rd period - Joe Sakic wins face-off versus Maxime Talbot in Wild zone.
7:45 of 3rd period - Shot by Dany Heatley.
7:45 of 3rd period - Shot Blocked by Kim Johnsson.
7:49 of 3rd period - Shot by Dany Heatley.
7:49 of 3rd period - Stopped by Manny Fernandez with a rebound.
8:09 of 3rd period - Shot by Patrick Marleau.
8:09 of 3rd period - Shot Misses the Net.
8:11 of 3rd period - Shot by Justin Williams.
8:11 of 3rd period - Shot Misses the Net.
8:13 of 3rd period - Shot by Dan Boyle.
8:13 of 3rd period - Stopped by Manny Fernandez with a rebound.
8:15 of 3rd period - Shot by Justin Williams.
8:15 of 3rd period - Shot Misses the Net.
8:17 of 3rd period - Shot by Mike Van Ryn.
8:17 of 3rd period - Shot Misses the Net.
8:36 of 3rd period - Icing by Radek Martinek.
8:37 of 3rd period - Jay Mcclement wins face-off versus Olli Jokinen in Thrashers zone.
9:15 of 3rd period - Shot by Marian Gaborik.
9:15 of 3rd period - Shot Misses the Net.
9:42 of 3rd period - Minor Penalty to Chris Kunitz for Hooking.
9:43 of 3rd period - Joe Sakic wins face-off versus Maxime Talbot in Thrashers zone.
9:45 of 3rd period - Brian Rolston is hit by Mike Komisarek and loses puck.
10:15 of 3rd period - Minor Penalty to Maxime Talbot for Roughing.
10:16 of 3rd period - Jay Mcclement wins face-off versus Olli Jokinen in Thrashers zone.
10:33 of 3rd period - Shot by Marian Gaborik.
10:33 of 3rd period - Stopped by Henrik Lundqvist without a rebound.
10:34 of 3rd period - Patrick Marleau wins face-off versus Joe Sakic in Thrashers zone.
11:29 of 3rd period - Shot by Olli Jokinen.
11:29 of 3rd period - Shot Blocked by Mike Komisarek.
12:32 of 3rd period - Icing by Niclas Havelid.
12:33 of 3rd period - Patrick Marleau wins face-off versus Rod Brind'Amour in Wild zone.
12:34 of 3rd period - Shot by Dany Heatley.
12:34 of 3rd period - Deflect By Justin Williams.
12:34 of 3rd period - Shot Misses the Net.
12:36 of 3rd period - Shot by Mike Komisarek.
12:36 of 3rd period - Stopped by Manny Fernandez without a rebound.
12:37 of 3rd period - Patrick Marleau wins face-off versus Olli Jokinen in Wild zone.
13:31 of 3rd period - Icing by Mike Komisarek.
13:32 of 3rd period - Patrick Marleau wins face-off versus Joe Sakic in Thrashers zone.
14:47 of 3rd period - Shot by Brendan Shanahan.
14:47 of 3rd period - Deflect By Andy Mcdonald.
14:47 of 3rd period - Shot Misses the Net.
14:57 of 3rd period - Shot by Mikael Samuelsson.
14:57 of 3rd period - Shot Misses the Net.
14:59 of 3rd period - Shot by Kim Johnsson.
14:59 of 3rd period - Shot Misses the Net.
15:09 of 3rd period - Shot by Marian Gaborik.
15:09 of 3rd period - Shot Misses the Net.
15:13 of 3rd period - Shot by Marian Gaborik.
15:13 of 3rd period - Shot Misses the Net.
15:36 of 3rd period - Icing by Mike Van Ryn.
15:37 of 3rd period - Brendan Shanahan wins face-off versus Joe Sakic in Thrashers zone.
15:39 of 3rd period - Icing by Brett Clark.
15:40 of 3rd period - Joe Sakic wins face-off versus Andy Mcdonald in Thrashers zone.
15:40 of 3rd period - Martin Straka is hit by Brendan Shanahan and loses puck.
16:23 of 3rd period - Shot by Jay Mcclement.
16:23 of 3rd period - Stopped by Manny Fernandez without a rebound.
16:24 of 3rd period - Rod Brind'Amour wins face-off versus Maxime Talbot in Wild zone.
17:28 of 3rd period - Shot by Ryan Malone.
17:28 of 3rd period - Shot Misses the Net.
17:32 of 3rd period - Shot by Ryan Malone.
17:32 of 3rd period - Shot Blocked by Niclas Havelid.
18:04 of 3rd period - Shot by Dany Heatley.
18:04 of 3rd period - Shot Blocked by Duncan Keith.
19:05 of 3rd period - Wild, Manny Fernandez is pulled from the net.
19:34 of 3rd period - Joe Sakic is hit by David Backes and loses puck.
19:38 of 3rd period - Icing by Ryan Malone.
19:39 of 3rd period - Rod Brind'Amour wins face-off versus Jay Mcclement in Thrashers zone.
19:56 of 3rd period - Shot by Jay Mcclement.
19:56 of 3rd period - Goal by Jay Mcclement - Thrashers : 5 - Wild : 3.
19:56 of 3rd period - Manny Fernandez from Wild was sent back in the game.
19:57 of 3rd period - Maxime Talbot wins face-off versus Joe Sakic in neutral zone.


Output by the SimonT Hockey Simulator (STHS) for Stephane Roy -- Original Page W3C XHTML 1.0 Valid